 Dungeon Crawl Stone Soup version 0.20.1-1-g8b1a95d (webtiles) character file.

30 Television the Chucker (level 3, -2/34 HPs)
             Began as a Naga Hunter on Sept 23, 2017.
             Slain by Sigmund
             ... wielding a +2 scythe of freezing
              (4 damage)
             ... on level 2 of the Dungeon.
             The game lasted 00:04:01 (1716 turns).

Television the Chucker (Naga Hunter)                Turns: 1716, Time: 00:04:03

Health: -2/34      AC:  5    Str: 15    XL:     3   Next: 18%
Magic:  3/3        EV:  7    Int: 11    God:
Gold:   10         SH:  0    Dex: 11    Spells: 2/2 levels left

rFire    . . .     SeeInvis +   n - +0 mace
rCold    . . .     Gourm    .   (no shield)
rNeg     . . .     Faith    .   i - +0 scale mail
rPois    +         Spirit   .   j - +0 helmet
rElec    .         Reflect  .   (no cloak)
rCorr    .         Harm     .   (no gloves)
MR       .....                  (no barding)
Stlth    ..........             (no amulet)
Regen    0.2/turn               (no ring)
MPRegen  0.1/turn               (no ring)

@: short of breath, very slow
A: see invisible, deformed body, poison resistance, slowness 2, slow metabolism
1, spit poison 1, AC +1
a: Spit Poison


You were on level 2 of the Dungeon.
You were not hungry.

You visited 1 branch of the dungeon, and saw 2 of its levels.

You collected 10 gold pieces.

Inventory:

Hand Weapons
 a - a +0 short sword
 n - a +0 mace (weapon)
Missiles
 c - 6 javelins (quivered)
 d - 2 throwing nets
Armour
 i - a +0 scale mail (worn)
 j - a +0 helmet (worn)
Scrolls
 e - a scroll of magic mapping {unknown}
 g - 2 scrolls of remove curse
 m - 2 scrolls of immolation
 p - a scroll of enchant weapon {unknown}
Potions
 h - a potion of haste {unknown}
 k - 2 potions of brilliance {unknown}
 l - a potion of curing {unknown}
Comestibles
 b - a chunk of flesh
 f - 2 bread rations
 o - 3 fruits


   Skills:
 - Level 3.1 Fighting
 * Level 1.0 Maces & Flails
 + Level 3.7 Throwing
 - Level 1.5 Dodging
 - Level 1.5 Stealth


You had 2 spell levels left.
You didn't know any spells.

Dungeon Overview and Level Annotations

Branches:
Dungeon (2/15)

Altars:

Annotations:
D:2 Sigmund


Innate Abilities, Weirdness & Mutations

You cannot wear boots.
Your serpentine skin is tough. (AC +1)
You have supernaturally acute eyesight. (SInv)
Armour fits poorly on your strangely shaped body.
Your system is resistant to poisons. (rPois)
You cover ground very slowly.
You have a slow metabolism.
You can spit poison.


Message History

Sigmund freezes you.
Sigmund is nearby!
As you read the scroll labeled RUNACUOCZA, it crumbles to dust.
You feel blessed for a moment.
It was a scroll of remove curse.
Sigmund hits you from afar with a scythe of freezing.
Sigmund freezes you.
As you read the scroll labeled KOULABA ITHREHUY, it crumbles to dust.
The creatures around you are filled with an inner flame!
It was a scroll of immolation.
Sigmund points at you and mumbles some strange words.
You resist with some effort.
Press: ? - help, Shift-Dir - straight line, f - Sigmund
Aim: Sigmund, wielding a scythe of freezing and wearing a runed robe (inner flame)
The splash of poison hits Sigmund.
Sigmund is lightly wounded.
You feel slightly more hungry.
Sigmund hits you from afar with a scythe of freezing!
* * * LOW HITPOINT WARNING * * *
Sigmund freezes you.
You die...

#### ..#
#.##########.###
#####.#.....@.......
#.......#####.##.###
#.###.### @.# # #.#
#.# .... #.##.###.#
..#.. #........#
.##.## ####.##### .#
. #.# .# # ##.# #+##


You could see Sigmund (inner flame).

Vanquished Creatures
  An ooze (D:1)
  3 goblins (D:1)
  2 hobgoblins (D:1)
  3 jackals (D:1)
  A quokka (D:2)
  A ball python (D:1)
  8 bats (D:1)
  4 kobolds (D:1)
  2 rats (D:1)
25 creatures vanquished.

Notes
Turn   | Place    | Note
-------+----------+-------------------------------------------
     0 | D:1      | Television the Naga Hunter began the quest for the Orb.
     0 | D:1      | Reached XP level 1. HP: 19/19 MP: 1/1
   301 | D:1      | Reached XP level 2. HP: 10/27 MP: 2/2
  1227 | D:1      | Reached XP level 3. HP: 18/34 MP: 3/3
  1607 | D:2      | Reached skill level 1 in Maces & Flails
  1713 | D:2      | Noticed Sigmund
  1716 | D:2      | Slain by Sigmund

Skill      XL: |  1  2  3 |
---------------+----------+-----
Fighting       | 3 |  3.1
Maces & Flails | 1 |  1.0
Throwing       | |  3.7
Dodging        | |  1.5
Stealth        | |  1.5

Action                   || total
-------------------------++-------
Melee: Short sword       ||    48
       Mace              ||    38
Throw: Javelin           ||     6
 Abil: Spit Poison       ||    24
  Use: Scroll            ||     2
  Eat: Chunk             ||     3
Armor: Leather armour    ||    35
       Scale mail        ||    45
Dodge: Dodged            ||    75
